 Dungeon Crawl Stone Soup version 0.21.1-1-g345015fe64 (webtiles) character file.

992 Mrkan the Basher (level 7, -4/57 HPs)
             Began as a Minotaur Fighter on May 10, 2018.
             Slain by an ogre
             ... wielding a +0 giant spiked club
              (24 damage)
             ... on level 4 of the Dungeon.
             The game lasted 00:09:14 (5037 turns).

Mrkan the Basher (Minotaur Fighter)                 Turns: 5037, Time: 00:09:15

Health: -4/57      AC: 11    Str: 24    XL:     7   Next: 98%
Magic:  6/6        EV:  5    Int:  5    God:
Gold:   202        SH:  9    Dex: 11    Spells: 6/6 levels left

rFire    . . .     SeeInvis .   a - +0 flail
rCold    . . .     Gourm    .   c - +0 shield
rNeg     . . .     Faith    .   y - +0 chain mail
rPois    .         Spirit   .   (helmet restricted)
rElec    .         Reflect  .   r - +0 cloak
rCorr    .         Harm     .   (no gloves)
MR       .....                  t - +0 pair of boots
Stlth    ..........             (no amulet)
HPRegen  0.19/turn              n - +3 ring of strength
MPRegen  0.10/turn              (no ring)

@: no status effects
A: retaliatory headbutt, horns 2
a: no special abilities


You were on level 4 of the Dungeon.
You were hungry.

You visited 1 branch of the dungeon, and saw 4 of its levels.

You collected 202 gold pieces.

Inventory:

Hand Weapons
 a - a +0 flail (weapon)
Armour
 b - a +0 scale mail
 c - a +0 shield (worn)
 r - a +0 cloak (worn)
 t - a +0 pair of boots (worn)
 y - a +0 chain mail (worn)
Jewellery
 j - a cursed ring of loudness
 k - a +3 ring of dexterity {unknown}
 n - a +3 ring of strength (left hand)
Wands
 p - a wand of iceblast (9)
 x - a wand of flame (16)
 A - a wand of clouds (5)
 C - a wand of random effects (27)
Scrolls
 e - a scroll of blinking {unknown}
 h - 2 scrolls of amnesia
 m - a scroll of remove curse
 o - 2 scrolls of teleportation
 q - a scroll of immolation {unknown}
 s - a scroll of random uselessness {unknown}
 D - a scroll of identify
 E - a scroll of noise {unknown}
Potions
 d - 2 potions of might
 g - a potion of invisibility {unknown}
 l - a potion of mutation {unknown}
 u - 3 potions of brilliance {unknown}
 v - a potion of curing
 w - a potion of agility {unknown}
 z - a potion of ambrosia {unknown}
Books
 B - Vehumet's Catalogue of Conjuration
   (You found it on level 3 of the Dungeon)

   Spells                             Type                      Level
   a - Magic Dart                     Conjuration                  1
Comestibles
 f - 10 rations


   Skills:
 - Level 3.6 Fighting
 * Level 11.1 Maces & Flails
 - Level 3.6 Armour
 - Level 3.6 Shields


You had 6 spell levels left.
You didn't know any spells.

Dungeon Overview and Level Annotations

Branches:
Dungeon (4/15)
 Temple: D:4-7

Altars:
Cheibriados
Kikubaaqudgha
Ru
Sif Muna
Vehumet

Shops:
D:4 }


Innate Abilities, Weirdness & Mutations

You reflexively headbutt those who attack you in melee.
You have a pair of horns on your head.


Message History

Found a stone staircase leading up.
There is an open door here.
f - 10 rations (gained 1)
There is an open door here.
An ogre comes into view. It is wielding a giant spiked club.
The ogre shouts!
An ogre is nearby!
The ogre hits you with a giant spiked club!!
You completely miss the ogre.
The ogre hits you with a giant spiked club!!
You sock the ogre!
The ogre is moderately wounded.
Your shield and chain mail prevent you from hitting the ogre.
You headbutt the ogre.
The ogre is heavily wounded.
You block the ogre's attack.
You sock the ogre!
The ogre is almost dead.
The ogre hits you with a giant spiked club!!
You die...

.#
#.#.#......#####.###.#
#...# .#
#.#...####...........#
###.# ## #.#####
#######.##### #.# #.#
#.# #.# #.# #.# #.#
#.# #.# #.# #.#
#####.# #.# #.#
#.....# #.# #.#
#@##### #.# #.# #O#
#.# #.# #.# #####.##
### #.# #....... ##>##
#.# #.#####. ####...#
#.# #.# #. ...#.8.#
..# #.# #. ####...#
### #.# #. # ##..##
#.#####.


You could see an ogre.

Vanquished Creatures
  Grinder (D:3)
  Sigmund (D:3)
  An ogre (D:4)
  A bullfrog (D:2)
  A bullfrog skeleton (D:4)
  Crazy Yiuf (D:2)
  An orc priest (D:3)
  An orc wizard (D:4)
  Ijyb (D:3)
  An iguana (D:4)
  A worker ant (D:4)
  Robin (D:3)
  4 gnolls
  10 adders
  4 oozes
  6 worms
  2 dart slugs (D:2)
  3 leopard geckos
  9 orcs
  6 giant cockroaches
  17 goblins
  13 hobgoblins
  5 jackals
  2 quokkas
  A ball python (D:4)
  9 bats
  8 frilled lizards
  6 kobolds
  10 rats
  A fungus (D:1)
128 creatures vanquished.

Notes
Turn   | Place    | Note
-------+----------+-------------------------------------------
     0 | D:1      | Mrkan the Minotaur Fighter began the quest for the Orb.
     0 | D:1      | Reached XP level 1. HP: 19/19 MP: 0/0
   145 | D:1      | Reached skill level 3 in Maces & Flails
   202 | D:1      | Reached XP level 2. HP: 25/26 MP: 1/1
   298 | D:1      | Reached skill level 4 in Maces & Flails
   366 | D:1      | Found a snail-covered altar of Cheibriados.
   372 | D:1      | Reached XP level 3. HP: 31/31 MP: 2/2
   937 | D:2      | Reached skill level 5 in Maces & Flails
   947 | D:2      | Reached XP level 4. HP: 16/39 MP: 3/3
  1360 | D:2      | Found a runed door.
  1537 | D:2      | Noticed Crazy Yiuf
  1545 | D:2      | Killed Crazy Yiuf
  1545 | D:2      | Reached skill level 6 in Maces & Flails
  1545 | D:2      | Reached XP level 5. HP: 20/45 MP: 4/4
  1855 | D:2      | Found a sacrificial altar of Ru.
  1921 | D:2      | Reached skill level 7 in Maces & Flails
  2737 | D:3      | Reached XP level 6. HP: 51/51 MP: 5/5
  2883 | D:3      | Noticed Sigmund
  2894 | D:3      | Killed Sigmund
  2894 | D:3      | Reached skill level 8 in Maces & Flails
  3003 | D:3      | HP: 2/51 [orc priest/divine providence (10)]
  3004 | D:3      | Reached skill level 9 in Maces & Flails
  3011 | D:3      | HP: 1/51 [orc/mace (1)]
  3402 | D:3      | Noticed Ijyb
  3415 | D:3      | Killed Ijyb
  3416 | D:3      | Noticed Robin
  3432 | D:3      | Killed Robin
  3432 | D:3      | Reached XP level 7. HP: 19/57 MP: 6/6
  3881 | D:3      | Found a deep blue altar of Sif Muna.
  3881 | D:3      | Found an ancient bone altar of Kikubaaqudgha.
  3882 | D:3      | Found a radiant altar of Vehumet.
  3890 | D:3      | Identified Vehumet's Catalogue of Conjuration
  4020 | D:3      | Noticed Grinder
  4029 | D:3      | Killed Grinder
  4029 | D:3      | Reached skill level 10 in Maces & Flails
  4429 | D:4      | Reached skill level 11 in Maces & Flails
  4750 | D:4      | Found Kohajaang's Gadget Emporium.
  5037 | D:4      | Slain by an ogre

Skill      XL: |  1  2  3  4  5  6  7 |
---------------+----------------------+-----
Maces & Flails | 3 4 5 6 7 9 11 | 11.1
Fighting       | |  3.6
Armour         | |  3.6
Shields        | |  3.6

Action                   |  1- 3 |  4- 6 |  7- 9 || total
-------------------------+-------+-------+-------++-------
Melee: Flail             |    89 |   171 |    84 ||   344
       Headbutt          |    13 |    33 |    18 ||    64
  Use: Scroll            |       |       |     5 ||     5
  Eat: Chunk             |       |     7 |     2 ||     9
       Ration            |       |       |     1 ||     1
Armor: Scale mail        |    39 |    78 |    15 ||   132
       Chain mail        |       |       |    36 ||    36
Dodge: Dodged            |    26 |    61 |    19 ||   106
Block: Shield            |    37 |    96 |    53 ||   186
